 Dungeon Crawl Stone Soup version 0.28-a0-1199-gef9e1dbd39 (webtiles) character file.

Game seed: 15687595977088794216

4 ytrimaz the Insei (level 1, 0/13 HPs)
             Began as an Octopode Transmuter on Dec 19, 2021.
             Succumbed to an adder's poison
             ... on level 2 of the Dungeon.
             The game lasted 00:00:18 (299 turns).

ytrimaz the Insei (Octopode Transmuter)              Turns: 299, Time: 00:00:19

Health: 0/13       AC:  1    Str:  9    XL:     1   Next: 70%
Magic:  2/3        EV: 13    Int: 15    God:
Gold:   26         SH:  0    Dex: 12    Spells: 3/4 levels left

rFire   . . .      SeeInvis .     - Unarmed
rCold   . . .      Faith    .   (no shield)
rNeg    . . .      Spirit   .   (helmet currently unavailable)
rPois   .          Reflect  .   (no amulet)
rElec   .          Harm     .   (no ring)
rCorr   .          Rampage  .   (no ring)
Will    .....                   (no ring)
Stlth   ++........              (no ring)
HPRegen 0.04/turn               (no ring)
MPRegen 0.08/turn               (no ring)
                                (no ring)
                                (no ring)

@: lethally poisoned (0 -> -5), appendages (expiring)
A: tentacle spike 3, almost no armour, amphibious, 8 rings, camouflage 1,
gelatinous body 1, (nimble swimmer 1), tentacles
a: End Transformation


You were on level 2 of the Dungeon.
One of your tentacles had grown a beastly spike.
You visited 1 branch of the dungeon, and saw 2 of its levels.

You collected 26 gold pieces.

Inventory:

Scrolls
 a - a scroll of vulnerability {unknown}
 b - a scroll of identify {unknown}


   Skills:
 * Level 1.1 Fighting
 - Level 2.0 Dodging
 + Level 3.1 Unarmed Combat
 * Level 2.1 Spellcasting
 * Level 2.1 Transmutations


You had 3 spell levels left.
You knew the following spells:

 Your Spells              Type           Power      Damage    Failure   Level
a - Beastly Appendage     Tmut           14%        N/A       10%         1

Your spell library contained the following spells:

 Spells                   Type           Power      Damage    Failure   Level
 Wereblood                Tmut           7%         N/A       14%         2
 Spider Form              Tmut/Pois      4%         N/A       38%         3
 Ice Form                 Ice/Tmut       4%         N/A       80%         4


Dungeon Overview and Level Annotations

Branches:
Dungeon (1/15)

Altars:


Innate Abilities, Weirdness & Mutations

One of your tentacles has grown a beastly spike.
You cannot wear most types of armour.
You are amphibious.
You can wear up to eight rings at the same time.
Your skin changes colour to match your surroundings (Stealth+).
Your rubbery body absorbs attacks. (AC +1, EV +1)
((You are camouflaged near water. (Stealth+)))
You have tentacles for arms and can constrict up to eight enemies at once.


Message History

You kill the ball python!
Your transformation is almost over.
You see here a ball python corpse.
Your tentacle spike disappears.
Magic restored.
An adder comes into view.
An adder is nearby!
An adder is nearby!
An adder is nearby!
One of your tentacles grows a vicious spike.
The adder hisses angrily.
A kobold comes into view. It is wielding a +0 short sword.
Found a scale mail.
Found 5 gold pieces.
The adder completely misses you.
You miss the adder. Your grab misses the adder. The adder closely misses you.
You barely miss the adder. Your grab misses the adder.
You pierce the adder, but do no damage.
Your squeeze misses the adder. The adder closely misses you.
The adder misses you.
You tentacle-slap the adder. Your grab misses the adder.
Your tentacle spike misses the adder.
The adder is lightly wounded.
The adder bites you.
You are poisoned.
The adder poisons you!
You tentacle-slap the adder. Your grab misses the adder.
The adder is lightly wounded.
You feel sick. The adder barely misses you.
You closely miss the adder. Your grab misses the adder.
Your tentacle spike misses the adder.
Your squeeze misses the adder.
The adder is lightly wounded.
You feel sick. The adder bites you.
You are lethally poisoned!
The adder poisons you!
You feel sick.
The kobold shouts!
You hear an angry hiss.
A quokka comes into view.
The adder bites you.
* * * LOW HITPOINT WARNING * * *
Your transformation is almost over.
You die...

#.# #.# ###.# ...#
#..# #r##..##
#.K..S# #$##.#.#
#.#@# ..#.# ####.#
#.# #.# #.#
######### #.#
#.......######.#
###.##.##........#


You could see an adder.

Vanquished Creatures
  A ball python (D:2)
  An endoplasm (D:1)
  A hobgoblin (D:1)
  A frilled lizard (D:1)
4 creatures vanquished.

Notes
Turn   | Place    | Note
-------+----------+-------------------------------------------
     0 | D:1      | ytrimaz the Octopode Transmuter began the quest for the
                  | Orb.
     0 | D:1      | Reached XP level 1. HP: 13/13 MP: 3/3
   252 | D:1      | You fall into a shaft and drop 1 floor!
   299 | D:2      | Succumbed to an adder's poison

Illustrated notes

Levels and vault maps discovered:
D:1:      nzn_arrival_settlement, layout_basic, serial_glass, glass_columns_a,
          glass_columns_b, minmay_strange_pillars, minmay_strange_pillars,
          grunt_decor_arrowhead
D:2:      layout_loops_cross, dreamdust_ecumenical_altar_statues, minmay_tall_x,
          uniq_natasha, uniq_jessica, uniq_sigmund

Action                   || total
-------------------------++-------
Melee: Unarmed           ||    12
       Kick              ||     4
       Constrict         ||     3
       Tentacles         ||     3
 Cast: Beastly Appendage ||     5
Dodge: Dodged            ||     6

Table legend: (Time is in decaauts)
 A = Elapsed time spent in this place.
 B = Non-inter-level travel time spent in this place.
 C = Inter-level travel time spent in this place.
 D = Time resting spent in this place.
 E = Time spent auto-exploring this place.
 F = Levels seen in this place.
 G = Mean time per level.
                   A        B        C        D        E       F      G
               +--------+--------+--------+--------+--------+-----+--------+
         Total |    298 |    298 |      0 |      0 |    248 |   2 |  149.0 |
       Dungeon |    298 |    298 |      0 |      0 |    248 |   2 |  149.0 |
               +--------+--------+--------+--------+--------+-----+--------+

Top non-repeatable levels by time:
     D:1: 251 daAuts
     D:2: 46 daAuts
